 Dungeon Crawl Stone Soup version bcrawl-1.27.1d (webtiles) character file.

Game seed: 10774877275086065632

224152 Freyura the Sneak (level 7, -3/52 HPs)
             Began as a Vampire Gladiator on July 19, 2020.
             Slain by an ogre
             ... wielding a +0 giant club
              (19 damage)
             ... on level 5 of the Dungeon.
             The game lasted 00:12:22 (3354 turns).

Freyura the Sneak (Vampire Gladiator)               Turns: 3354, Time: 00:12:22

Health: -3/52      AC:  3    Str: 17    XL:     7   Next: 16%
Magic:  8/8        EV: 15    Int:  9    God:
Gold:   360        SH:  5    Dex: 16    Spells: 6/6 levels left

rFire    . . .     SeeInvis +   a - +2 rapier
rCold    + . .     Gourm    .   (no shield)
rNeg     + + .     Faith    .   j - +0 robe
rPois    ∞         Spirit   .   c - +0 helmet
rElec    .         Reflect  +   (no cloak)
rCorr    .         Harm     .   (no gloves)
MR       .....                  (no boots)
Stlth    ++++++....             h - +5 amulet of reflection
HPRegen  0.08/turn              (no ring)
MPRegen  0.11/turn              (no ring)

@: bloodless, regenerating slowly
A: claws 1, fangs 3, see invisible, unbreathing
a: no special abilities


You were on level 5 of the Dungeon.
You were bloodless.

You visited 1 branch of the dungeon, and saw 5 of its levels.

You collected 360 gold pieces.

Inventory:

Hand Weapons
 a - a +2 rapier (weapon)
Missiles
 d - 3 throwing nets {=f}
Armour
 c - a +0 helmet (worn)
 j - a +0 robe (worn)
Jewellery
 h - a +5 amulet of reflection (around neck)
Wands
 e - a wand of acid (7)
 k - a wand of scattershot (5)
Scrolls
 g - 5 scrolls of identify
 m - a scroll of remove curse
 n - 2 scrolls of magic mapping
Potions
 b - a potion of cancellation {unknown}
 i - a potion of brilliance
 l - a potion of curing
 q - 13 potions of blood


   Skills:
 + Level 3.3 Fighting
 + Level 5.3 Short Blades
 - Level 1.5 Throwing
 + Level 4.8 Dodging
 * Level 7.0 Stealth
 + Level 2.2 Evocations


You had 6 spell levels left.
You didn't know any spells.
Your spell library contained the following spells:

 Spells                   Type           Power        Failure   Level  Hunger
 Confuse                  Hex            #.......     77%         3    #####..
 Dazzling Orbs            Conj/Hex       #......      77%         3    #####..
 Petrify                  Tmut/Erth      #.........   99%         4    ######.
 Yara's Violent Unravell  Hex/Tmut       #.........   99%         4    ######.
 Metabolic Englaciation   Hex/Ice        #.........   100%        5    #######
 Mana Rupture             Conj/Hex       #.........   100%        7    #######


Dungeon Overview and Level Annotations

Branches:
Dungeon (5/12)
 Temple: D:4-7

Altars:
Makhleb
Wu Jian

Shops:
D:5 (


Innate Abilities, Weirdness & Mutations

You heal slowly.
You are immune to poison.
You have sharp fingernails.
You have razor-sharp teeth.
You have supernaturally acute eyesight. (SInv)
You can survive without breathing.


Message History

You puncture the orc!
You kill the orc!
There is a stone staircase leading down here.
You feel devoid of blood!
You puncture the ogre!
The ogre is heavily wounded.
You block the ogre's attack.
You hit the ogre.
The ogre is heavily wounded.
The ogre hits you with a +0 giant club!
You hit the ogre.
The ogre is severely wounded.
The ogre hits you with a +0 giant club!!
Ouch! That really hurt!
You hit the ogre.
The ogre is severely wounded.
You hit the ogre.
The ogre is almost dead.
The ogre hits you with a +0 giant club!!
You die...

.........####.....#...##
#.....####..##.###
##..#..........#
#......##..#### ##
##..........###
###∩###.......##....#######
#.._..#........###.........
#.....#..####..............
#.).O@................
........#.#######.#.........
.##..........# #.########..
.....#...###...!......####..
...###.### ####..##....#..
.. .?. #......%... # .###
#####...... # ###...##..
#....###..


You could see an ogre.

Vanquished Creatures
  2 phantoms (D:4)
  A howler monkey (D:4)
  A crimson imp (D:4)
  A hound (D:5)
  A jelly (D:4)
  An orc wizard (D:3)
  A bullfrog skeleton (D:4)
  Terence (D:2)
  2 worker ants
  6 adders
  A howler monkey skeleton (D:4)
  2 oozes
  An adder skeleton (D:3)
  A worm (D:2)
  2 dart slugs
  2 leopard geckos (D:2)
  An orc (D:5)
  6 giant cockroaches
  3 goblins
  7 hobgoblins
  6 jackals (D:2)
  4 kobolds
  7 quokkas
  2 ball pythons
  4 bats
  3 frilled lizards (D:2)
  A jackal skeleton (D:4)
  8 rats
78 creatures vanquished.

Notes
Turn   | Place    | Note
-------+----------+-------------------------------------------
     0 | D:1      | Freyura the Vampire Gladiator began the quest for the Orb.
     0 | D:1      | Reached XP level 1. HP: 16/16 MP: 1/1
    64 | D:1      | Reached skill level 1 in Stealth
   170 | D:1      | Reached XP level 2. HP: 10/22 MP: 2/2
   268 | D:1      | Reached skill level 2 in Stealth
   754 | D:2      | Reached XP level 3. HP: 27/27 MP: 3/3
   757 | D:2      | Noticed Terence
   761 | D:2      | Killed Terence
   761 | D:2      | Reached skill level 3 in Stealth
  1033 | D:2      | Reached XP level 4. HP: 34/34 MP: 4/4
  1475 | D:2      | Reached skill level 4 in Stealth
  1482 | D:2      | HP: 1/34 [bat (1)]
  1919 | D:3      | Found an ornate altar of the Wu Jian Council.
  1951 | D:3      | Reached XP level 5. HP: 38/39 MP: 5/5
  2363 | D:4      | Reached skill level 5 in Stealth
  2371 | D:4      | Reached skill level 1 in Evocations
  2444 | D:4      | Reached XP level 6. HP: 39/46 MP: 6/6
  2642 | D:4      | Got a polished ring mail
  2696 | D:4      | Reached skill level 5 in Short Blades
  2696 | D:4      | Reached skill level 6 in Stealth
  3088 | D:4      | Reached XP level 7. HP: 52/52 MP: 8/8
  3211 | D:4      | Identified the +5 ring mail of Jikh {rN+} (You found it on
                  | level 4 of the Dungeon)
  3239 | D:5      | Entered Level 5 of the Dungeon
  3303 | D:5      | Found Puplycli's Antique Weapon Emporium.
  3330 | D:5      | Found a burning altar of Makhleb.
  3340 | D:5      | Reached skill level 7 in Stealth
  3354 | D:5      | Slain by an ogre

Skill      XL: |  1  2  3  4  5  6  7 |
---------------+----------------------+-----
Stealth        | 1 2 3 4 5 6 7 |  7.0
Fighting       | 2 3 |  3.3
Short Blades   | 4 5 |  5.3
Dodging        | 4 |  4.8
Evocations     | 1 2 |  2.2
Throwing       | |  1.5

Action                   |  1- 3 |  4- 6 |  7- 9 || total
-------------------------+-------+-------+-------++-------
Melee: Rapier            |    58 |   167 |    19 ||   244
       Bite              |     3 |    23 |     5 ||    31
  Use: Scroll            |       |     8 |     4 ||    12
       Potion            |       |     2 |       ||     2
 Stab: Sleeping          |    16 |    14 |       ||    30
       Distracted        |       |     1 |       ||     1
Armor: Leather armour    |     2 |    15 |       ||    17
       Robe              |       |    13 |     1 ||    14
Dodge: Dodged            |    20 |    88 |    12 ||   120
Block: Other             |     7 |    33 |     4 ||    44
